[Event "4NCL 2022-2023"]
[Site "Daventry"]
[Date "2023.03.18"]
[Round "7.18"]
[White "Pert, Nicholas"]
[Black "Parligras, Mircea-Emilian"]
[Result "1/2-1/2"]
[ECO "D38"]
[WhiteElo "2544"]
[BlackElo "2570"]
[Annotator "TA"]
[PlyCount "37"]
[EventDate "2022.10.20"]
[EventType "team-tourn"]
[EventCountry "ENG"]
[SourceTitle "playchess.com"]
[Source "ChessBase"]
[SourceQuality "1"]
[TimeControl "40/6000+30:2400+30"]

1. d4 Nf6 2. Nf3 d5 3. c4 e6 4. Nc3 Bb4 5. Qa4+ Nc6 6. e3 O-O 7. Qc2 {[%emt 0:00:37] D38: Queen's Gambit Declined: Ragozin Defence (4 Nf3 Bb4).} Qe7 8. Bd2 dxc4 9. Bxc4 e5 10. d5 Qc5 {[%emt 0:00:24] [#]} 11. Na4 $146 ({Predecessor:} 11. Ne4 Nxe4 12. Qxe4 Ne7 13. Nxe5 Bf5 14. Qf4 Bxd2+ 15. Kxd2 Qb4+ 16. Kc1 Qc5 17. g4 {0-1 Keymer,V (2664)-Aronian,L (2772) Berlin FIDE GP 1 Pool-C 2022 (5)}) 11... Bxd2+ 12. Nxd2 Nb4 13. Qb3 Qd6 14. Nc3 c6 15. dxc6 Nxc6 {[%emt 0:00:23] [#]} 16. O-O $1 Bf5 (16... Na5 17. Qb5) 17. Rfd1 Qe7 18. Nd5 Nxd5 19. Bxd5 {[%emt 0:00:04] Weighted Error Value: White=0.08 (flawless) /Black=0.05 (flawless)} 1/2-1/2

[Event "4NCL 2022-2023"]
[Site "Daventry"]
[Date "2023.03.18"]
[Round "7.19"]
[White "Lupulescu, Constantin"]
[Black "Williams, Simon K"]
[Result "1/2-1/2"]
[ECO "E73"]
[WhiteElo "2592"]
[BlackElo "2465"]
[Annotator "TA"]
[PlyCount "102"]
[EventDate "2022.10.20"]
[EventType "team-tourn"]
[EventCountry "ENG"]
[SourceTitle "playchess.com"]
[Source "ChessBase"]
[SourceQuality "1"]
[TimeControl "40/6000+30:2400+30"]

1. d4 g6 2. e4 Bg7 3. c4 d6 4. Nc3 Nf6 5. Be2 O-O 6. Be3 c5 7. d5 e6 8. Nf3 {[%emt 0:00:14] E73: King's Indian: Averbakh Variation without 6...c5.} exd5 9. cxd5 Re8 10. Nd2 {[%emt 0:00:48] White is slightly better.} Na6 11. O-O Nc7 12. a4 a6 13. Bf4 Rb8 {[%emt 0:08:56] [#]} 14. a5 $1 Bf8 {[%emt 0:05:49] [#]} 15. Rb1 $146 {[%emt 0:23:58] White is more active.} ({Predecessor:} 15. Bf3 b5 16. axb6 Rxb6 17. Nc4 Rb4 18. b3 h6 19. h3 Nh7 20. Na2 Rb8 21. e5 {1-0 Predke,A (2688)-Ganerdene,S (2428) Paracin op-A 15th 2022 (3)}) 15... b5 16. axb6 Rxb6 17. Nc4 Rb4 18. f3 Nh5 19. Be3 f5 20. Qd2 Bg7 (20... Nb5 $142) 21. Bd3 Nb5 22. Ne2 ({White should play} 22. Bg5 $16 Bf6 23. Bxf6 Qxf6 24. Rf2) 22... a5 $11 23. Bg5 Qc7 (23... Bf6 $1 $11 {keeps the balance.} 24. Be3 a4) 24. exf5 (24. b3 $16) 24... Bxf5 25. Bxf5 gxf5 26. Qd3 a4 27. Nc3 Nd4 28. Rbe1 Rbb8 (28... Qd7 $11) 29. Nxa4 $14 Rxe1 30. Rxe1 {[%emt 0:00:05] Hoping for Re7.} Qf7 31. Nc3 (31. Nxd6 Qg6 32. Be7 Nf4 $19) 31... Qg6 {[%emt 0:00:12] [#]} 32. Bd2 Kh8 33. Rf1 (33. Kh1 $16) 33... Rg8 34. Rf2 (34. g4 Bh6 35. Bxh6 Qxh6 $11) ({White should try} 34. f4 $14) 34... Bf6 $1 $11 35. g4 $1 $132 {[%emt 0:02:03][%mdl 2048] White is not holding back} (35. Nxd6 $2 Bh4 36. Re2 Nxe2+ 37. Qxe2 Qxd6 $19) 35... Nb3 (35... Bh4 $11 36. Rg2 fxg4 {[%mdl 64] Discovered Attack} 37. Qxg6 Nxf3+ 38. Kh1 Rxg6) 36. Be3 $14 {[%emt 0:01:42] Rg2 is the strong threat.} ({Inferior is} 36. Nxd6 Nxd2 37. Rxd2 (37. Qxd2 $2 Bd4 $19) 37... Bd4+ 38. Kf1 Nf4 39. Qxf5 (39. Qa6 $2 fxg4 40. fxg4 Qxg4 $19) 39... Qxd6 $17) 36... fxg4 37. Qxg6 Rxg6 38. Rg2 (38. Nxd6 $2 {perishes.} gxf3+ 39. Kf1 Bxc3 40. bxc3 Rxd6 $19) 38... gxf3 {[%emt 0:00:52][%mdl 64] Pin} 39. Rxg6 hxg6 40. Nxd6 Kg7 41. Nb7 (41. Nc4 $14) 41... Be5 $11 {[%emt 0:01:44] The position is equal.} 42. Kf2 (42. Bxc5 $2 {is the wrong capture.} Nxc5 43. Nxc5 Bd4+ 44. Kf1 Bxc5 $19) 42... Nf6 43. Kxf3 Bxh2 44. Bxc5 (44. d6 $5 ) 44... Nxc5 45. Nxc5 {[%emt 0:00:13][%mdl 4096] Endgame KBN-KNN} Be5 46. N5a4 Kf7 47. Nb6 Ke7 48. Ke3 g5 49. Nc4 Bxc3 50. d6+ Ke6 51. bxc3 Ne8 {[%emt 0:00:18] Weighted Error Value: White=0.15 (very precise) /Black=0.15 (very precise)} 1/2-1/2

[Event "4NCL 2022-2023"]
[Site "Daventry"]
[Date "2023.03.18"]
[Round "7.20"]
[White "Eggleston, David J"]
[Black "Turner, Matthew J"]
[Result "1/2-1/2"]
[ECO "C54"]
[WhiteElo "2364"]
[BlackElo "2441"]
[Annotator "TA"]
[PlyCount "136"]
[EventDate "2022.10.20"]
[EventType "team-tourn"]
[EventCountry "ENG"]
[SourceTitle "playchess.com"]
[Source "ChessBase"]
[SourceQuality "1"]
[TimeControl "40/6000+30:2400+30"]

1. e4 e5 2. Nf3 Nc6 3. Bc4 Bc5 4. c3 Nf6 5. d3 d6 6. b4 Bb6 7. a4 a5 8. b5 Ne7 9. O-O O-O 10. h3 {[%emt 0:01:21] C54: Giuoco Piano: 4 c3 Nf6, main lines with 5 d4 and 5 d3.} (10. Bg5 $11) 10... Ng6 $15 11. Re1 h6 12. Nbd2 Nh5 (12... Re8 $11) 13. d4 $14 {[%emt 0:10:58][%cal Of3e5] [#]} Nhf4 $146 ({Predecessor:} 13... Qf6 14. Bf1 Be6 15. Nc4 Bxc4 16. Bxc4 Rac8 17. g3 c6 18. Ra3 cxb5 19. Bxb5 Rc7 {1-0 Jarabinsky,M (2126)-Dlugolecki,G (1576) BI-2014-P-0018}) 14. Nf1 (14. Bf1 $5 ) 14... Be6 15. Bxe6 fxe6 16. Be3 exd4 (16... d5 {is more complex.} 17. Nxe5 Nxe5 18. dxe5 Qg5) 17. cxd4 Qf6 18. N1h2 Qf7 19. g3 Nh5 20. e5 {[%emt 0:02:38] Against Nf6} dxe5 (20... Rad8 $11 {keeps the balance.}) 21. dxe5 $16 Rad8 22. Qe2 ({White should play} 22. Qc2 $16) 22... Bxe3 $11 23. Qxe3 Rd5 24. Qc3 Nhf4 25. gxf4 Nxf4 26. Qc2 (26. Qxa5 Qg6+ 27. Ng4 Nxh3+ 28. Kh2 Qxg4 29. Ra3 Nf4) 26... Qh5 27. Kh1 {[%emt 0:01:11] Threatening h4.} (27. h4 $2 Nh3+ 28. Kh1 (28. Kg2 $2 Rxf3 29. Qe4 Rf4 $19) 28... Rxf3 $19) 27... Nxh3 (27... Qxh3 28. Rg1 $14) 28. Re3 (28. Qxc7 $2 Nxf2+ 29. Kg1 Qh3 $19) 28... g5 (28... Rd7 $11) 29. Rf1 $1 $16 (29. Qxc7 $2 Nxf2+ 30. Kg1 Ng4 $19) 29... g4 $2 {[%emt 0:01:36] [#]} (29... Rf7 $16) 30. Ng1 $1 $18 Ng5 31. Rg3 (31. Qxc7 Rd2 $16) 31... Rd4 32. f3 (32. Qxc7 Rf7 33. Qxa5 Kg7 $18) 32... gxf3 33. Rfxf3 Rfd8 {[%emt 0:00:42] ...Rd2 is the strong threat.} 34. Rg2 {[%emt 0:03:29] Against Rd2} Kh8 35. Rf1 R8d7 36. Qf2 Kh7 37. Qf8 Rxa4 (37... Rf7 $142 38. Rxg5 Rxf8 39. Rxh5 Rxf1) 38. Ngf3 $2 (38. b6 Rc4 39. Qc8) 38... Rg7 39. Nxg5+ hxg5 40. Rgf2 {[%emt 0:01:57] The board is on fire. White has more active pieces.} (40. Qd8 $16 Qh4 41. Qd3+ Kg8 42. b6 (42. Qf3 Rf4 $14) 42... cxb6 43. Qd6) 40... Rh4 $14 (40... g4 $2 41. Rf7 Qxe5 42. Rxg7+ Qxg7 43. Rf7 $18) 41. Kg1 Rf4 {[%emt 0:00:00] Prevents Rf7.} (41... g4 $2 42. Rf7 Qxe5 43. Rxg7+ Qxg7 44. Rf7 $18) 42. Qd8 $40 {[%emt 0:05:31][%mdl 128] Black needs to defend precisely.} Rgf7 43. Rxf4 gxf4 44. Nf3 {[%emt 0:00:22] Black must now prevent Ng5+.} (44. Kh1 $5 ) 44... Rg7+ (44... Qg6+ $1 $11 {and Black has nothing to worry.} 45. Kf2 (45. Ng5+ Kh6 $11) 45... Qc2+ 46. Kg1 Qg6+ 47. Qg5 (47. Ng5+ Kh6 $11) 47... Rd7) 45. Kf2 $18 {[%emt 0:00:52] Threatens to win with Ke1.} Qh3 $2 (45... c6 {might work better.} 46. bxc6 bxc6 47. Qxa5 Qh3) 46. Ke1 a4 47. Rf2 {[%emt 0:02:36] Rh2 would be deadly.} (47. Ng5+ Rxg5 48. Qxg5 Qe3+ 49. Kd1 Qd3+ 50. Ke1 Qe3+ 51. Kd1 Qd3+ 52. Ke1 Qe3+ $11) 47... a3 48. Qd3+ (48. Rh2 $142 Rg1+ 49. Kf2 (49. Nxg1 Qxh2 50. Qe7+ Kh8 $11) 49... Qxh2+ 50. Nxh2) 48... Kg8 49. Qxa3 {[%emt 0:01:42] aiming for Qa8+.} (49. Qd8+ Kf7 50. Qxc7+ Kg6 $18) 49... Rg1+ $2 (49... Qh1+ {is more resistant.} 50. Ke2 Qb1) 50. Ke2 (50. Nxg1 $2 Qxa3 51. Nf3 Qa1+ 52. Kd2 Qb2+ 53. Ke1 Qb1+ 54. Kd2 Qxb5 $19) (50. Kd2 Rg2 51. Ke2 Qg3 $18) 50... Rb1 51. Qa2 ({And not} 51. Qe7 Rb2+ 52. Nd2 Qg4+ 53. Kf1 Qd1+ 54. Kg2 Rxd2 55. Qe8+ (55. Qxe6+ Kf8 $11) 55... Kh7 56. Qe7+ Kh8 57. Qe8+ Kh7 58. Qf7+ Kh8 59. Qe8+ Kh7 $11) 51... Rxb5 52. Qc2 $2 (52. Qd2 $18 {is the precise move to win. White threatens Qd8+ and mate.} Rb3 53. Qxf4) 52... Kf8 $16 53. Qd2 {[%emt 0:01:54] White wants to mate with Qd8+.} Ke8 {[%emt 0:04:26] Dodges Qd8+} 54. Qxf4 Qh5 (54... Rb2+ $16 55. Nd2 Ra2) 55. Qf6 $2 (55. Rf1 $18) 55... Qg4 56. Qh8+ Kd7 {[%emt 0:00:14] ( -> ...Qc4+)} 57. Qh7+ Kc6 58. Qc2+ (58. Ke1 {feels hotter.} Rc5 59. Qd3 b5 60. Ra2) 58... Rc5 59. Qb2 b5 {[%emt 0:01:26] [#]} (59... Rc4 $11 {remains equal.}) 60. Kf1 (60. Ke3 $1 $16) 60... Kb6 $11 61. Ke1 Qe4+ 62. Kf1 (62. Kd1 {keeps more tension.} Rd5+ 63. Nd2 b4 64. Qb3) 62... b4 63. Kg1 (63. Qa2 $11) 63... Qg4+ (63... Rc3 $17 {And now ...c5 would win.} 64. Kg2 Qg4+ 65. Kh2 Rxf3 66. Rxf3 Qxf3 67. Qxb4+ Kc6 68. Qa4+ Kb6 69. Qb4+ Kc6 70. Qa4+ Kc5 71. Qa7+ Kd5 72. Qxc7 Qe2+ 73. Kh3 Qf3+ 74. Kh4 Qf5) 64. Kf1 Rc3 {[%emt 0:20:39][%mdl 1024] Black has compensation.} 65. Qe2 (65. Ne1 $1 $11 {was the only way to keep the balance.}) 65... c5 (65... b3 $17 {Strongly threatening ...Rc1+.} 66. Qd1 Qh3+ 67. Kg1 (67. Ke1 $2 Re3+ 68. Kd2 Qh6 $19) 67... Kb7) 66. Qd1 {[%emt 0:00:33] Dodges Rc1. The position is equal.} Qc4+ 67. Kg2 Qg4+ 68. Kf1 Qc4+ {[%emt 0:00:00] Black defended with fortune.   Weighted Error Value: White=0.40/Black=0.56} 1/2-1/2

[Event "4NCL 2022-2023"]
[Site "Daventry"]
[Date "2023.03.18"]
[Round "7.21"]
[White "Cyborowski, Lukasz"]
[Black "Pert, Richard G"]
[Result "1/2-1/2"]
[ECO "A25"]
[WhiteElo "2498"]
[BlackElo "2411"]
[Annotator "TA"]
[PlyCount "68"]
[EventDate "2022.10.20"]
[EventType "team-tourn"]
[EventCountry "ENG"]
[SourceTitle "playchess.com"]
[Source "ChessBase"]
[SourceQuality "1"]
[TimeControl "40/6000+30:2400+30"]

1. c4 e5 2. Nc3 Nc6 3. e3 d6 4. d4 g6 5. dxe5 dxe5 6. Qxd8+ {[%emt 0:01:06] A25: English Opening vs King's Indian with ...Nc6 but without early d3.} Nxd8 7. b3 Ne6 8. Bb2 Bg7 9. O-O-O Bd7 10. Nf3 Nh6 11. Be2 {[%emt 0:22:32] [#]} f6 $146 ({Predecessor:} 11... f5 12. Rd2 e4 13. Nd4 Nxd4 14. exd4 O-O-O 15. Rdd1 Rde8 16. Rhe1 f4 17. h3 Nf5 {0-1 Miles,A (2555)-Liberzon,V (2550) (GER-ch) International04 1977 (13)}) 12. Rhg1 Nf7 (12... f5 $11) 13. g4 $36 {[%emt 0:04:12][%mdl 2048] White is more active.} O-O-O 14. Nd5 c6 15. Nc3 Kc7 (15... Bf8 $11) 16. Ne4 {[%emt 0:02:30] White is much more active.} Bc8 17. Rxd8 Rxd8 18. h4 Re8 19. g5 fxg5 20. hxg5 Nf8 21. Rh1 Bf5 {[%emt 0:03:32] [#]} 22. Nfd2 (22. Bd3 $1 $16) 22... b6 23. Ba3 (23. c5 $16) 23... c5 24. Bb2 Rd8 25. Bf3 Kc8 26. Bg2 Rd7 27. Bc3 Rc7 28. Kd1 Ne6 29. Rxh7 Nfxg5 30. Nxg5 Nxg5 31. Rh1 e4 {[%emt 0:01:09] The position is equal.} 32. Bxg7 Rxg7 33. Rh4 Re7 34. Ke2 Kd7 {[%emt 0:00:19] Weighted Error Value: White=0.12 (very precise) /Black=0.14 (very precise)} 1/2-1/2

[Event "4NCL 2022-2023"]
[Site "Daventry"]
[Date "2023.03.18"]
[Round "7.22"]
[White "Kirk, Ezra"]
[Black "Csonka, Balazs"]
[Result "1/2-1/2"]
[ECO "C48"]
[WhiteElo "2427"]
[BlackElo "2494"]
[Annotator "TA"]
[PlyCount "73"]
[EventDate "2022.10.20"]
[EventType "team-tourn"]
[EventCountry "ENG"]
[SourceTitle "playchess.com"]
[Source "ChessBase"]
[SourceQuality "1"]
[TimeControl "40/6000+30:2400+30"]

1. e4 e5 2. Nf3 Nc6 3. Nc3 Nf6 4. Bb5 Nd4 5. Bc4 Bc5 6. d3 d6 7. Nxd4 Bxd4 {[%emt 0:03:46] C48: Four Knights: 4 Bb5, replies other than 4...Bb4.} 8. Qf3 {[%emt 0:00:39] [#]} Bxc3+ $146 ({Predecessor:} 8... Be6 9. Ne2 Bb6 10. Bxe6 fxe6 11. Qh3 Qe7 12. Bd2 O-O 13. f3 a5 14. O-O-O a4 15. f4 exf4 16. Nxf4 {0-1 Dimitrov,R (2515)-Zajic,M (2477) Nis 75th 2019 (2)}) 9. bxc3 Be6 10. Bb3 h6 11. O-O O-O 12. Rb1 b6 13. Ba4 {[%emt 0:06:49] The position is equal.} Kh7 14. Bc6 Rb8 15. Qe2 Bxa2 16. Ra1 Be6 17. Rxa7 Bd7 18. Bxd7 Qxd7 19. f4 Ra8 20. Rxa8 Rxa8 21. h3 Ra1 22. fxe5 dxe5 23. Kh2 Qe6 24. c4 Kg8 25. Qe1 Nd7 26. Qc3 Ra8 27. Be3 f6 28. Qe1 Ra2 29. Qb1 Ra8 30. Rf3 Nf8 31. c5 bxc5 32. Bxc5 Qc6 33. Bxf8 Rxf8 34. Qb3+ Kh7 35. Rf1 Qc5 36. Ra1 Qf2 37. Qc3 {[%emt 0:02:26] Not much happened in this game.   Weighted Error Value: White=0.03 (flawless) /Black=0.03 (flawless)} 1/2-1/2

[Event "4NCL 2022-2023"]
[Site "Daventry"]
[Date "2023.03.18"]
[Round "7.23"]
[White "Kolbus, Dietmar"]
[Black "Arkell, Keith C"]
[Result "1/2-1/2"]
[ECO "A46"]
[WhiteElo "2277"]
[BlackElo "2404"]
[Annotator "TA"]
[PlyCount "90"]
[EventDate "2022.10.20"]
[EventType "team-tourn"]
[EventCountry "ENG"]
[SourceTitle "playchess.com"]
[Source "ChessBase"]
[SourceQuality "1"]
[TimeControl "40/6000+30:2400+30"]

1. d4 e6 2. Nf3 Nf6 3. g3 b5 4. Bg2 Bb7 5. O-O c5 6. c3 Be7 $1 {[%emt 0:00:15] 6...Be7 is better than 6...Na6.} 7. Nbd2 O-O {[%emt 0:00:47] A46: 1 d4 Nf6 2 Nf3 e6: Torre, London and Colle Systems.} 8. b3 d5 {[%emt 0:01:58] [#]} 9. dxc5 $146 ({Predecessor:} 9. Bb2 Nbd7 10. Rc1 {½-½ Bakre,T (2467)-Arutinian,D (2446) Olomouc Proclient Cup 2005 (9)}) 9... Bxc5 {[%emt 0:00:07] Black has an edge.} 10. Bb2 Nbd7 11. a4 a6 12. axb5 axb5 13. c4 Qb6 {[%emt 0:03:41] Threatens to win with ...Ng4.} 14. cxd5 Bxd5 {[%emt 0:07:42] Black wants to play ...Ng4.} 15. e3 Rxa1 16. Qxa1 Ra8 17. Qb1 Qb7 18. Rd1 Bc6 19. Ne1 Bxg2 20. Nxg2 Bb4 21. h4 e5 22. Ne1 Re8 23. Ndf3 Bxe1 24. Nxe1 {[%emt 0:00:07] The position is equal.} Qa6 25. Nf3 Qe6 26. Ba1 h6 27. Qc2 Ra8 28. Bb2 Ng4 29. e4 Ndf6 30. Rd2 (30. Kg2 {seems wilder.} Rc8 31. Qd3 Qb6 32. Rd2) 30... Rc8 31. Qd3 Qc6 32. Nxe5 Nxe5 ({Don't take} 32... Qxe4 33. Nxg4 Qxg4 34. Qxb5 $16) 33. Bxe5 Nxe4 34. Rd1 Qc2 35. Qxc2 Rxc2 $11 {[%emt 0:00:04][%mdl 4096] Endgame KRB-KRN} 36. Rd8+ Kh7 37. Rb8 Nxf2 38. Rxb5 Nd3 39. Bd6 Rb2 40. b4 Kg6 41. h5+ Kf6 42. Bf8 g6 43. Bxh6 {[%emt 0:09:13] And now Bg5+ would win.} gxh5 44. Rxh5 Kg6 45. Rd5 Kxh6 {[%emt 0:00:00] An interesting draw.   Weighted Error Value: White=0.03 (flawless) /Black=0.05 (flawless)} 1/2-1/2

[Event "4NCL 2022-2023"]
[Site "Daventry"]
[Date "2023.03.18"]
[Round "7.24"]
[White "Steil-Antoni, Fiona"]
[Black "Terbe, Julianna"]
[Result "0-1"]
[ECO "C55"]
[WhiteElo "2195"]
[BlackElo "2278"]
[Annotator "TA"]
[PlyCount "120"]
[EventDate "2022.10.20"]
[EventType "team-tourn"]
[EventCountry "ENG"]
[SourceTitle "playchess.com"]
[Source "ChessBase"]
[SourceQuality "1"]
[TimeControl "40/6000+30:2400+30"]

1. e4 e5 2. Nf3 Nc6 3. Bc4 Nf6 4. d3 h6 5. c3 d6 6. Bb3 g6 7. Nbd2 Bg7 8. O-O O-O 9. Re1 Re8 10. Nf1 {[%emt 0:03:42] C55: Two Knights: 4 d3, 4 d4 exd4 5 e5 and Max Lange Attack.} Be6 {[%emt 0:03:01] [#]} 11. Bxe6 $146 ({Predecessor:} 11. Ba4 a6 12. Ng3 b5 13. Bc2 d5 14. Be3 Qe7 15. h3 Rad8 16. Qc1 Kh7 17. a4 b4 {1-0 Onischuk,V (2622)-Leitao,R (2592) Titled Tuesday intern op 05th Oct blitz 2021 (6)}) 11... Rxe6 12. Qb3 {[%emt 0:02:12] The position is equal.} Rb8 13. Ne3 Re8 14. Bd2 Ne7 15. Rad1 c6 16. h3 Qc7 17. g4 (17. c4 $11) 17... d5 $15 18. Nf1 Rbd8 19. Ng3 c5 20. Kg2 Nc6 21. g5 hxg5 22. Bxg5 c4 23. dxc4 Na5 24. Qa4 (24. Qb4 $11) 24... dxc4 (24... Nxc4 $15 {keeps the upper hand.} 25. Bxf6 (25. Qxa7 $2 {loses.} Ra8 $19) 25... Bxf6) 25. Rxd8 $16 Rxd8 26. Qb5 a6 27. Qxe5 Qb6 (27... Qxe5 $16 28. Nxe5 Re8) 28. Be3 Qb5 29. Qxb5 axb5 30. Bb6 Ra8 31. Bxa5 Rxa5 32. a3 Nd7 33. Rd1 Nc5 34. Rd8+ Bf8 35. Ne5 {[%emt 0:03:11] Prevents Nd3} Kg7 36. Nd7 (36. h4 $18) 36... Be7 37. Re8 Nxd7 38. Rxe7 {[%emt 0:00:02][%mdl 4096] Endgame KRN-KRN} Nc5 39. e5 Kf8 40. Rc7 Nd3 41. Rxb7 Nxb2 42. Ne4 {[%emt 0:01:14] [#] Hoping for Nd6.} Nd3 43. Nd6 Nxe5 44. Nxb5 ({White should try} 44. Rxb5 $16 Ra6 45. Rxe5 Rxd6 46. a4) 44... Ra6 (44... Nd3 $11 {remains equal.}) 45. Rc7 (45. Ra7 $16 Rxa7 46. Nxa7) 45... Rf6 46. a4 Nd3 47. Rxc4 (47. f3 $16) 47... Rxf2+ $11 48. Kg3 {[%emt 0:00:43] Threatens to win with Rd4.} Ra2 49. Nd6 f5 50. Kh4 $2 {[%emt 0:16:55][%mdl 8192] [#]} (50. Rd4 $11 {and White stays safe.} Nc5 51. Nb5) 50... Rg2 $1 $19 {[%emt 0:05:46] And now ...Ne5 would win.} 51. Ne4 $2 (51. Nxf5 {was necessary.} gxf5 52. a5) 51... fxe4 52. Rxe4 {[%emt 0:00:00] KRN-KR} Kg7 53. Rg4 Ra2 54. Kg5 Ne5 (54... Rf2 $142 {...Rf5+ would be deadly.} 55. Re4 Rf5+ 56. Kh4 Ra5) 55. Re4 Nf7+ 56. Kg4 $2 (56. Kf4) 56... Ra3 57. h4 $2 (57. Kf4 {was called for.}) 57... Rxc3 58. h5 (58. a5 $142 Ra3 59. h5) 58... g5 {[%emt 0:00:21] ( -> ...Kf6)} 59. Rb4 Nh6+ 60. Kxg5 Rg3+ {[%emt 0:00:04] What a bad dream for White.   Weighted Error Value: White=0.58/Black=0.19 (very precise)} 0-1

[Event "4NCL 2022-2023"]
[Site "Daventry"]
[Date "2023.03.18"]
[Round "7.25"]
[White "Murphy, Conor E"]
[Black "Kozusek, Daniel"]
[Result "1-0"]
[ECO "B30"]
[WhiteElo "2431"]
[BlackElo "2328"]
[Annotator "TA"]
[PlyCount "80"]
[EventDate "2022.10.20"]
[EventType "team-tourn"]
[EventCountry "ENG"]
[SourceTitle "playchess.com"]
[Source "ChessBase"]
[SourceQuality "1"]
[TimeControl "40/6000+30:2400+30"]

1. e4 c5 2. Nf3 Nc6 3. Nc3 Nf6 4. Bb5 Nd4 5. e5 Nxb5 6. Nxb5 Nd5 7. O-O Nc7 {[%emt 0:11:47] B30: Sicilian: 2...Nc6 3 Bb5, lines without ...g6.} ({Black should try} 7... a6 $11 8. Nc3 Nxc3 9. dxc3 d5) 8. Nxc7+ Qxc7 9. d4 cxd4 {[%emt 0:03:24] Black is weak on the dark squares. The position is equal.} 10. Qxd4 b6 {[%emt 0:09:35] [#]} 11. Bf4 $146 {[%emt 0:21:14][%cal Oe5e6] e6! would be deadly.} ({Predecessor:} 11. Rd1 Bb7 12. Rd3 e6 13. Rc3 Bc6 14. Qg4 Qb7 15. Nd4 Bd5 16. Nb5 Bc6 17. a4 h5 18. Qg5 Rh6 19. Nd6+ {1-0 Vydeslaver,A (2445)-Chernyshov,K (2505) Leeuwarden op 1995 (9)}) 11... e6 12. Rfd1 Bb7 13. Qd3 Qc6 14. Rd2 Be7 15. h4 h6 16. Rad1 {[%emt 0:04:24][%cal Rd3d7] [#]} g5 $1 17. Bg3 (17. Qxd7+ $2 {is the wrong capture.} Qxd7 18. Rxd7 Bxf3 19. gxf3 gxf4 $19) (17. hxg5 hxg5) 17... O-O-O 18. h5 $1 g4 19. Ne1 Kb8 ({Black should play} 19... Bg5 $14) 20. Qe2 $16 Rhg8 21. Rd4 Rg7 22. Rxg4 Ba6 {[%emt 0:01:14][%mdl 64] [#] Deflection} 23. Qe4 ({Stronger than} 23. Qxa6 Rxg4 24. Qe2 Ra4 $17) 23... Qxe4 24. Rxe4 Bb7 25. Rf4 Bc5 $2 {[%emt 0:01:16] This move loses the game for Black.} (25... Kc8 $14) 26. Bh4 $18 Rdg8 27. Rxd7 f5 28. Rxg7 Rxg7 29. b4 Bf8 30. Rd4 {[%emt 0:00:33] Rd8+ is the strong threat.} Kc7 31. a3 Rd7 32. Rxd7+ Kxd7 {[%emt 0:00:05][%mdl 4096] Endgame KBB-KBN} 33. f3 a5 34. Nd3 Ba6 35. Be1 Bxd3 $2 (35... Bb5 36. bxa5 bxa5) 36. cxd3 {[%emt 0:00:06] White is clearly winning.} Kc6 37. bxa5 Bxa3 38. axb6 Bb2 39. Bd2 Bd4+ 40. Kf1 Kd5 {[%emt 0:00:44] Weighted Error Value: White=0.07 (flawless) /Black=0.32} 1-0

[Event "4NCL 2022-2023"]
[Site "Daventry"]
[Date "2023.03.18"]
[Round "7.26"]
[White "Cooper, John G"]
[Black "Bisby, Daniel L"]
[Result "1-0"]
[ECO "E74"]
[WhiteElo "2243"]
[BlackElo "2277"]
[Annotator "TA"]
[PlyCount "49"]
[EventDate "2022.10.20"]
[EventType "team-tourn"]
[EventCountry "ENG"]
[SourceTitle "playchess.com"]
[Source "ChessBase"]
[SourceQuality "1"]
[TimeControl "40/6000+30:2400+30"]

1. c4 Nf6 2. Nc3 g6 3. e4 d6 4. d4 Bg7 5. Be2 O-O 6. Bg5 c5 7. d5 h6 8. Be3 e6 9. dxe6 {[%emt 0:01:21] 9.Nf3 is setting a new trend.} Bxe6 10. Qd2 Nc6 {[%emt 0:25:05] E74: King's Indian: Averbakh Variation: 6...c5.} (10... Qa5 $11 {remains equal.}) 11. Bxh6 $16 Bxh6 12. Qxh6 {[%emt 0:00:07] Hoping for h4.} Nd4 {[%emt 0:00:12] White is better.} 13. O-O-O {[%emt 0:24:30] [#] Inhibits Nc2.} b5 $146 ({Predecessor:} 13... Nxe2+ 14. Ngxe2 Bxc4 15. h4 Ng4 16. Qf4 Ne5 17. Qg3 Qa5 18. h5 Bxe2 19. hxg6 Nxg6 20. Rxd6 {1-0 Montag,A (2486)-Liew,C (2330) IECG WC.2000.S.00006 email 1999}) 14. h4 $1 (14. Nxb5 $6 Rb8 $11) 14... b4 {[%emt 0:15:04] [#]} (14... Bxc4 $2 15. h5 Nxe2+ 16. Ngxe2 $18) 15. h5 $1 {[%emt 0:04:09][%cal Oh5g6] White wants to mate with hxg6!} Nxe2+ (15... bxc3 16. hxg6) 16. Ncxe2 Ng4 17. Qf4 {[%emt 0:04:03] Strongly threatening Nf3.} g5 18. Qg3 {[%emt 0:02:02] Nh3 is the strong threat.} (18. Qxd6 $2 Nxf2 19. Ng3 (19. Qxd8 $2 Raxd8 20. Nf3 Nxd1 $19) 19... Nxd1 20. Qxd1 Qxd1+ 21. Kxd1 Bxc4 $19) 18... Qa5 {[%emt 0:03:39] [#] This move loses the game for Black.} (18... Qe7 $16) 19. Kb1 $1 $18 {[%emt 0:08:12] And now Nh3 would win.} (19. Qxd6 $2 Qxa2 20. Nf3 (20. Qxc5 $2 Qa1+ 21. Kc2 b3+ {[%mdl 64] Deflection} 22. Kc3 Qxd1 $19) 20... Qxc4+ 21. Kb1 Qa2+ 22. Kc1 Bb3 $19) 19... f5 $2 (19... f6 20. b3 (20. Qxd6 $2 Bxc4 21. Nc1 Rad8 $19) (20. Rxd6 Rad8 $16) 20... Qd8) 20. Nh3 (20. Qxd6 Bxc4 21. Nc1 (21. b3 Rad8 $17) 21... Qb6 $16) 20... fxe4 (20... Qd8 $142 21. Rxd6 (21. Qxd6 Qxd6 22. Rxd6 Bxc4 $18) 21... f4 22. Rxd8 fxg3 23. Rxa8 Rxa8 24. Nxg3 Rf8) 21. Nxg5 ({Weaker is} 21. Qxd6 Qb6 22. Qg3 (22. Nxg5 Qxd6 23. Rxd6 Bxc4 $14) 22... Bf5 $18) 21... Bxc4 22. Nc1 {[%emt 0:00:40] A dynamic duo of knights.} (22. Qxg4 Qxa2+ 23. Kc1 Qa1+ 24. Kc2 b3+ 25. Kd2 (25. Kc3 Qa5+ 26. Kxc4 Qb4+ 27. Kd5 Qb7+ 28. Kc4 Qb4+ 29. Kd5 Qb7+ 30. Kc4 Qb4+ $11) 25... Qxb2+ 26. Ke3 Qxe2+ 27. Qxe2 Bxe2 28. Kxe2 Rf5 $16) 22... Nf6 23. Nxe4+ Kh8 24. Rxd6 Nxe4 25. Rh6# {[%emt 0:17:43] An entertaining game by Cooper.   Weighted Error Value: White=0.02 (flawless) /Black=0.75} 1-0